Penguins vs Rangers

Created - 18 octobre 2020 at 21:09

Simulating a Pre-Season

Goals
1 2 3 T
Penguins 1 1 0 2
Rangers 0 0 1 1
Shots
1 2 3 T
Penguins 13 11 13 37
Rangers 4 7 9 20

1st period

1. Penguins , Shea Weber 3 (Adrian Kempe 5, Oliver Bjorkstrand 2) at 19:04 (PP)

Penalties :
David Savard (NYR) for Roughing (Minor) at 11:54, Cam Atkinson (NYR) for Cross-checking (Minor) at 18:56

2nd period

2. Penguins , Nathan MacKinnon 4 (Filip Hronek 2, Marcus Pettersson 2) at 5:58

Penalties :
Nick Leddy (NYR) for Holding (Minor) at 1:26, Gabriel Landeskog (PIT) for Holding (Minor) at 3:39, Milan Lucic (NYR) for Interference (Minor) at 7:10, Marcus Pettersson (PIT) for Holding (Minor) at 11:52, Vincent Trocheck (NYR) for Roughing (Minor) at 14:08

3rd period

3. Rangers , Alexander Radulov 4 (Nick Leddy 6, Nick Bonino 6) at 4:04

Penalties :
Cam Atkinson (NYR) for Slashing (Minor) at 0:13, Noel Acciari (NYR) for Tripping (Minor) at 7:01, Shea Weber (PIT) for Hooking (Minor) at 14:31

Goalie Stats

Connor Hellebuyck (PIT), 19 saves from 20 shots - (0,950), W, 4-3-2, 60:00 minutes
Andrei Vasilevskiy (NYR), 35 saves from 37 shots - (0,946), L, 4-2-0, 59:31 minutes

Players Stats for Penguins

Player Name              G  A  P  +/- PIM S  H  SB GA TA FO     MP     PP MP  PK MP  
------------------------------------------------------------------------------------
Adrian Kempe             0  1  1   0  0   3  1  0  0  0  9/22   18:48   6:01   2:13 
Alex DeBrincat           0  0  0   0  0   4  1  0  0  0  2/2     9:10   0:00   1:00 
Brent Seabrook           0  0  0   0  0   2  0  1  0  0  0/0    20:32   6:16   2:21 
Cedric Paquette          0  0  0   0  0   1  1  0  0  0  0/1    16:01   5:27   0:00 
Clayton Keller           0  0  0   1  0   1  0  0  0  0  2/14   11:46   0:34   0:20 
David Perron             0  0  0  -1  0   0  0  0  0  0  0/1    19:59   6:01   1:33 
Filip Hronek             0  1  1   0  0   0  1  0  0  0  0/0    13:29   0:00   0:00 
Gabriel Landeskog        0  0  0   0  2   1  0  1  0  0  5/5     8:09   0:00   0:00 
Jonathan Huberdeau       0  0  0   0  0   1  0  0  0  0  1/2     8:10   0:00   0:00 
Marcus Pettersson        0  1  1   0  2   0  1  0  0  0  0/0    20:27   5:46   0:53 
Mark Giordano            0  0  0   0  0   4  0  1  0  0  0/0    23:25   6:16   2:52 
Max Domi                 0  0  0  -1  0   3  0  0  0  0  1/1    21:50   6:01   3:24 
Nathan MacKinnon         1  0  1   1  0   6  0  0  0  0  0/0    10:52   0:00   0:00 
Oliver Bjorkstrand       0  1  1   0  0   1  0  0  0  0  1/2    16:35   6:01   0:00 
Oskar Lindblom           0  0  0   1  0   1  3  0  0  0  0/1    10:52   0:00   0:00 
Pierre-Luc Dubois        0  0  0  -1  0   3  0  0  0  0  19/34  21:50   6:01   3:24 
Shea Weber               1  0  1   0  2   5  4  0  0  0  0/0    23:31   5:46   2:15 
Victor Mete              0  0  0   0  0   1  0  2  0  0  0/0    18:34   0:00   3:33 

Players Stats for Rangers

Player Name              G  A  P  +/- PIM S  H  SB GA TA FO     MP     PP MP  PK MP  
------------------------------------------------------------------------------------
Alexander Radulov        1  0  1   1  0   2  0  0  0  0  0/3    19:55   3:01   7:31 
Andrew Ladd              0  0  0  -1  0   3  0  0  0  0  1/1    16:35   2:15   0:00 
Braydon Coburn           0  0  0  -1  0   0  0  0  0  0  0/0     4:20   0:00   0:26 
Cal Clutterbuck          0  0  0   0  0   1  1  0  0  0  5/19   12:41   2:15   7:45 
Cam Atkinson             0  0  0   0  4   1  0  0  0  0  2/2    17:50   0:41   0:00 
Connor McDavid           0  0  0   0  0   0  1  0  0  0  0/0    22:27   3:42   0:27 
David Savard             0  0  0   0  2   0  1  2  0  0  0/0    21:22   2:51   4:19 
Dmitry Kulikov           0  0  0   0  0   0  0  1  0  0  0/0    11:32   0:00   1:47 
Erik Cernak              0  0  0   0  0   0  1  0  0  0  0/0    10:19   0:34   0:00 
Greg Pateryn             0  0  0  -1  0   0  0  0  0  0  0/0     3:54   0:00   0:00 
Matt Niskanen            0  0  0   1  0   0  3  3  0  0  0/0    23:31   2:32   6:50 
Milan Lucic              0  0  0   1  2   1  1  0  0  0  0/0    14:32   2:15   3:47 
Nick Bonino              0  1  1   1  0   3  2  1  0  0  17/24  17:20   3:42   3:50 
Nick Leddy               0  1  1   1  2   1  0  0  0  0  0/0    22:44   3:06   5:30 
Noel Acciari             0  0  0   0  2   1  2  0  0  0  12/18  17:10   0:00   0:00 
Ryan McDonagh            0  0  0   0  0   1  0  0  0  0  0/0    22:16   2:51   5:12 
Vincent Trocheck         0  0  0  -1  2   1  5  0  0  0  2/2    14:19   0:00   0:00 
Zach Hyman               0  0  0  -1  0   5  0  0  0  0  6/16   15:04   0:00   0:44 

3 Stars

1 - Andrei Vasilevskiy (NYR)
2 - Nathan MacKinnon (PIT)
3 - Shea Weber (PIT)

Power Play

Penguins - 1 on 7 Attempt(s) - 14,29%
Rangers - 0 on 3 Attempt(s) - 0,00%

Penalty Kill

Penguins - 3 on 3 Attempt(s) - 100,00% - Score 0 goal in Penalty Kill
Rangers - 6 on 7 Attempt(s) - 85,71% - Score 0 goal in Penalty Kill

Team Stat

Penguins - Hits : 12 - Faceoff Wins : 40 - Blocked Shots : 5 - Penalty Minutes : 6
Rangers - Hits : 17 - Faceoff Wins : 45 - Blocked Shots : 7 - Penalty Minutes : 14

Official

Referees : Andrew Wilk and Gord Dwyer
Linesman : Ryan Daisy and Jake Davis

Game Notes

No Game Note

% Time on Ice - Penguins

Lines # - Real PCT - Wanted PCT - Time Play
Normal Forward
1 - 30% - 31% - 12:25
2 - 25% - 25% - 10:34
3 - 26% - 25% - 10:52
4 - 19% - 19% - 8:10
Normal Defense
1 - 37% - 40% - 15:21
2 - 28% - 30% - 11:55
3 - 32% - 20% - 13:29
4 - 3% - 10% - 1:16
PP Forward
1 - 50% - 60% - 6:01
2 - 50% - 40% - 6:01
PP Defense
1 - 48% - 60% - 5:46
2 - 52% - 40% - 6:16
PK Forward
1 - 74% - 60% - 4:24
2 - 26% - 40% - 1:33
PK Defense
1 - 61% - 60% - 3:36
2 - 39% - 40% - 2:21
PK3 Forward
1 - 0% - 60%
2 - 0% - 40%
PK3 Defense
1 - 0% - 60%
2 - 0% - 40%
44 Forward
1 - 0% - 60%
2 - 0% - 40%
44 Defense
1 - 0% - 60%
2 - 0% - 40%
Last Minute Offensive  - 0:00
Last Minute Defensive  - 0:00
Total
Forward - 60:00
Defense - 60:00

% Time on Ice - Rangers

Lines # - Real PCT - Wanted PCT - Time Play
Normal Forward
1 - 42% - 40% - 17:11
2 - 35% - 30% - 14:20
3 - 19% - 20% - 7:49
4 - 5% - 10% - 1:59
Normal Defense
1 - 33% - 40% - 13:27
2 - 34% - 30% - 14:13
3 - 24% - 20% - 9:45
4 - 9% - 10% - 3:54
PP Forward
1 - 62% - 60% - 3:42
2 - 38% - 40% - 2:15
PP Defense
1 - 52% - 60% - 3:06
2 - 48% - 40% - 2:51
PK Forward
1 - 68% - 60% - 8:12
2 - 32% - 40% - 3:50
PK Defense
1 - 57% - 60% - 6:50
2 - 43% - 40% - 5:12
PK3 Forward
1 - 0% - 60%
2 - 0% - 40%
PK3 Defense
1 - 0% - 60%
2 - 0% - 40%
44 Forward
1 - 0% - 60%
2 - 0% - 40%
44 Defense
1 - 0% - 60%
2 - 0% - 40%
Last Minute Offensive  - 0:42
Last Minute Defensive  - 0:00
Total
Forward - 60:00
Defense - 60:00

Play-by-Play

1st period


0:01 of 1st period - Noel Acciari wins face-off versus Pierre-Luc Dubois in neutral zone.
0:43 of 1st period - Icing by Shea Weber.
0:44 of 1st period - Zach Hyman wins face-off versus Pierre-Luc Dubois in Penguins zone.
0:51 of 1st period - Shot by Vincent Trocheck.
0:51 of 1st period - Shot Blocked by Victor Mete.
2:07 of 1st period - Shot by Nathan MacKinnon.
2:07 of 1st period - Shot Misses the Net.
2:09 of 1st period - Shot by Oskar Lindblom.
2:09 of 1st period - Shot Misses the Net.
2:11 of 1st period - Shot by Nathan MacKinnon.
2:11 of 1st period - Shot Misses the Net.
2:13 of 1st period - Shot by Oskar Lindblom.
2:13 of 1st period - Stopped by Andrei Vasilevskiy with a rebound.
2:18 of 1st period - Icing by Dmitry Kulikov.
2:19 of 1st period - Gabriel Landeskog wins face-off versus Alexander Radulov in Rangers zone.
2:30 of 1st period - Nick Bonino is hit by Alex DeBrincat and loses puck.
2:35 of 1st period - Shot by Jonathan Huberdeau.
2:35 of 1st period - Shot Blocked by Nick Bonino.
2:37 of 1st period - Shot by Jonathan Huberdeau.
2:37 of 1st period - Stopped by Andrei Vasilevskiy with a rebound.
2:39 of 1st period - Shot by Mark Giordano.
2:39 of 1st period - Stopped by Andrei Vasilevskiy with a rebound.
2:41 of 1st period - Shot by Alex DeBrincat.
2:41 of 1st period - Stopped by Andrei Vasilevskiy without a rebound.
2:42 of 1st period - Noel Acciari wins face-off versus Pierre-Luc Dubois in Rangers zone.
3:39 of 1st period - Icing by Oskar Lindblom.
3:40 of 1st period - Andrew Ladd wins face-off versus Clayton Keller in Penguins zone.
4:05 of 1st period - Shot by Nathan MacKinnon.
4:05 of 1st period - Shot Misses the Net.
4:07 of 1st period - Shot by Victor Mete.
4:07 of 1st period - Stopped by Andrei Vasilevskiy without a rebound.
4:08 of 1st period - Gabriel Landeskog wins face-off versus Nick Bonino in Rangers zone.
5:23 of 1st period - Connor McDavid is hit by Marcus Pettersson.
6:03 of 1st period - Filip Hronek is hit by Noel Acciari and loses puck.
6:47 of 1st period - Shot by Andrew Ladd.
6:47 of 1st period - Deflect By Vincent Trocheck.
6:47 of 1st period - Shot Misses the Net.
6:49 of 1st period - Shot by Vincent Trocheck.
6:49 of 1st period - Shot Misses the Net.
7:00 of 1st period - Off-side.
7:01 of 1st period - Nick Bonino wins face-off versus Clayton Keller in neutral zone.
8:32 of 1st period - Shot by Connor McDavid.
8:32 of 1st period - Shot Misses the Net.
9:45 of 1st period - Shot by Nathan MacKinnon.
9:45 of 1st period - Stopped by Andrei Vasilevskiy without a rebound.
9:46 of 1st period - Gabriel Landeskog wins face-off versus Zach Hyman in Rangers zone.
10:05 of 1st period - Shot by Zach Hyman.
10:05 of 1st period - Stopped by Connor Hellebuyck without a rebound.
10:06 of 1st period - Pierre-Luc Dubois wins face-off versus Nick Bonino in Penguins zone.
10:06 of 1st period - Pierre-Luc Dubois is hit by Milan Lucic.
10:57 of 1st period - Shot by Vincent Trocheck.
10:57 of 1st period - Shot Misses the Net.
10:59 of 1st period - Shot by Zach Hyman.
10:59 of 1st period - Stopped by Connor Hellebuyck without a rebound.
11:00 of 1st period - Clayton Keller wins face-off versus Zach Hyman in Penguins zone.
11:18 of 1st period - Icing by Brent Seabrook.
11:19 of 1st period - Nick Bonino wins face-off versus Clayton Keller in Penguins zone.
11:25 of 1st period - Icing by Mark Giordano.
11:26 of 1st period - Vincent Trocheck wins face-off versus Clayton Keller in Penguins zone.
11:47 of 1st period - Shot by Clayton Keller.
11:47 of 1st period - Stopped by Andrei Vasilevskiy with a rebound.
11:54 of 1st period - Minor Penalty to David Savard for Roughing.
11:55 of 1st period - Pierre-Luc Dubois wins face-off versus Cal Clutterbuck in Rangers zone.
12:18 of 1st period - Shot by Shea Weber.
12:18 of 1st period - Stopped by Andrei Vasilevskiy with a rebound.
12:20 of 1st period - Shot by Max Domi.
12:20 of 1st period - Shot Misses the Net.
13:14 of 1st period - Icing by Adrian Kempe.
13:15 of 1st period - Adrian Kempe wins face-off versus Cal Clutterbuck in Penguins zone.
13:41 of 1st period - Shot by Adrian Kempe.
13:41 of 1st period - Stopped by Andrei Vasilevskiy without a rebound.
13:42 of 1st period - Adrian Kempe wins face-off versus Cal Clutterbuck in Rangers zone.
13:47 of 1st period - Shot by Cedric Paquette.
13:47 of 1st period - Shot Blocked by Matt Niskanen.
14:14 of 1st period - Shot by Jonathan Huberdeau.
14:14 of 1st period - Shot Misses the Net.
14:16 of 1st period - Shot by Alex DeBrincat.
14:16 of 1st period - Shot Misses the Net.
14:18 of 1st period - Shot by Alex DeBrincat.
14:18 of 1st period - Shot Hit the Post.
14:26 of 1st period - Shot by Gabriel Landeskog.
14:26 of 1st period - Stopped by Andrei Vasilevskiy with a rebound.
14:28 of 1st period - Shot by Gabriel Landeskog.
14:28 of 1st period - Shot Blocked by Dmitry Kulikov.
14:58 of 1st period - Icing by Vincent Trocheck.
14:59 of 1st period - Zach Hyman wins face-off versus Pierre-Luc Dubois in Rangers zone.
15:14 of 1st period - Shot by Zach Hyman.
15:14 of 1st period - Stopped by Connor Hellebuyck with a rebound.
15:26 of 1st period - Shot by David Perron.
15:26 of 1st period - Shot Misses the Net.
15:55 of 1st period - Icing by Shea Weber.
15:56 of 1st period - Nick Bonino wins face-off versus Adrian Kempe in Penguins zone.
16:50 of 1st period - Clayton Keller is hit by Erik Cernak and loses puck.
17:36 of 1st period - Icing by Brent Seabrook.
17:37 of 1st period - Pierre-Luc Dubois wins face-off versus Zach Hyman in Penguins zone.
17:42 of 1st period - Shot by Vincent Trocheck.
17:42 of 1st period - Shot Misses the Net.
17:51 of 1st period - Icing by Max Domi.
17:52 of 1st period - Nick Bonino wins face-off versus Pierre-Luc Dubois in Penguins zone.
18:02 of 1st period - Icing by Pierre-Luc Dubois.
18:03 of 1st period - Pierre-Luc Dubois wins face-off versus Zach Hyman in Penguins zone.
18:05 of 1st period - Max Domi is hit by Vincent Trocheck and loses puck.
18:19 of 1st period - Icing by Mark Giordano.
18:20 of 1st period - Pierre-Luc Dubois wins face-off versus Noel Acciari in Penguins zone.
18:20 of 1st period - Max Domi is hit by Noel Acciari and loses puck.
18:56 of 1st period - Minor Penalty to Cam Atkinson for Cross-checking.
18:57 of 1st period - Adrian Kempe wins face-off versus Cal Clutterbuck in Rangers zone.
19:04 of 1st period - Shot by Shea Weber.
19:04 of 1st period - Goal by Shea Weber - Penguins : 1 - Rangers : 0.
19:05 of 1st period - Gabriel Landeskog wins face-off versus Zach Hyman in neutral zone.
19:18 of 1st period - Shot by Alex DeBrincat.
19:18 of 1st period - Stopped by Andrei Vasilevskiy with a rebound.
19:32 of 1st period - Shot by Alex DeBrincat.
19:32 of 1st period - Shot Misses the Net.
19:34 of 1st period - Shot by Alex DeBrincat.
19:34 of 1st period - Stopped by Andrei Vasilevskiy without a rebound.
19:35 of 1st period - Adrian Kempe wins face-off versus Noel Acciari in Rangers zone.
19:56 of 1st period - Shot by Noel Acciari.
19:56 of 1st period - Stopped by Connor Hellebuyck without a rebound.
19:57 of 1st period - Nick Bonino wins face-off versus Clayton Keller in Penguins zone.
Goals for this period are 1 for Penguins vs 0 for Rangers.
Shots for this period are 13 for Penguins vs 4 for Rangers.

2nd period


0:01 of 2nd period - Noel Acciari wins face-off versus Cedric Paquette in neutral zone.
0:11 of 2nd period - Icing by Oliver Bjorkstrand.
0:12 of 2nd period - Vincent Trocheck wins face-off versus Adrian Kempe in Penguins zone.
0:13 of 2nd period - Shot by Andrew Ladd.
0:13 of 2nd period - Shot Misses the Net.
1:26 of 2nd period - Minor Penalty to Nick Leddy for Holding.
1:27 of 2nd period - Pierre-Luc Dubois wins face-off versus Cal Clutterbuck in Rangers zone.
1:46 of 2nd period - Shot by Mark Giordano.
1:46 of 2nd period - Stopped by Andrei Vasilevskiy with a rebound.
2:22 of 2nd period - Shot by Shea Weber.
2:22 of 2nd period - Shot Misses the Net.
2:24 of 2nd period - Shot by Shea Weber.
2:24 of 2nd period - Stopped by Andrei Vasilevskiy without a rebound.
2:25 of 2nd period - Oliver Bjorkstrand wins face-off versus Cal Clutterbuck in Rangers zone.
3:39 of 2nd period - Minor Penalty to Gabriel Landeskog for Holding.
3:40 of 2nd period - Cam Atkinson wins face-off versus Pierre-Luc Dubois in Penguins zone.
4:46 of 2nd period - Shot by Nick Leddy.
4:46 of 2nd period - Stopped by Connor Hellebuyck without a rebound.
4:47 of 2nd period - Nick Bonino wins face-off versus Adrian Kempe in Penguins zone.
5:58 of 2nd period - Shot by Nathan MacKinnon.
5:58 of 2nd period - Goal by Nathan MacKinnon - Penguins : 2 - Rangers : 0.
5:59 of 2nd period - Alex DeBrincat wins face-off versus Noel Acciari in neutral zone.
6:25 of 2nd period - Shot by Jonathan Huberdeau.
6:25 of 2nd period - Shot Misses the Net.
6:38 of 2nd period - Icing by Erik Cernak.
6:39 of 2nd period - Clayton Keller wins face-off versus Noel Acciari in Rangers zone.
6:40 of 2nd period - Shot by Mark Giordano.
6:40 of 2nd period - Deflect By Nathan MacKinnon.
6:40 of 2nd period - Stopped by Andrei Vasilevskiy without a rebound.
6:41 of 2nd period - Pierre-Luc Dubois wins face-off versus Zach Hyman in Rangers zone.
6:45 of 2nd period - Icing by Nick Leddy.
6:46 of 2nd period - Pierre-Luc Dubois wins face-off versus Zach Hyman in Rangers zone.
6:54 of 2nd period - Vincent Trocheck is hit by Shea Weber.
6:59 of 2nd period - Icing by Shea Weber.
7:00 of 2nd period - Pierre-Luc Dubois wins face-off versus Nick Bonino in Penguins zone.
7:10 of 2nd period - Minor Penalty to Milan Lucic for Interference.
7:11 of 2nd period - Adrian Kempe wins face-off versus Cal Clutterbuck in Rangers zone.
7:35 of 2nd period - Shot by Shea Weber.
7:35 of 2nd period - Stopped by Andrei Vasilevskiy without a rebound.
7:36 of 2nd period - Pierre-Luc Dubois wins face-off versus Cal Clutterbuck in Rangers zone.
7:43 of 2nd period - Shot by Brent Seabrook.
7:43 of 2nd period - Stopped by Andrei Vasilevskiy without a rebound.
7:44 of 2nd period - Pierre-Luc Dubois wins face-off versus Cal Clutterbuck in Rangers zone.
7:44 of 2nd period - Mark Giordano is hit by Matt Niskanen and loses puck.
7:58 of 2nd period - David Perron is hit by David Savard and loses puck.
8:16 of 2nd period - Icing by Brent Seabrook.
8:17 of 2nd period - Cal Clutterbuck wins face-off versus Pierre-Luc Dubois in Penguins zone.
8:54 of 2nd period - Shot by Nick Bonino.
8:54 of 2nd period - Deflect By Zach Hyman.
8:54 of 2nd period - Stopped by Connor Hellebuyck without a rebound.
8:55 of 2nd period - Nick Bonino wins face-off versus Adrian Kempe in Penguins zone.
9:24 of 2nd period - Shot by Connor McDavid.
9:24 of 2nd period - Shot Misses the Net.
9:27 of 2nd period - Icing by Victor Mete.
9:28 of 2nd period - Zach Hyman wins face-off versus Clayton Keller in Penguins zone.
9:38 of 2nd period - Shot by Nathan MacKinnon.
9:38 of 2nd period - Stopped by Andrei Vasilevskiy without a rebound.
9:39 of 2nd period - Noel Acciari wins face-off versus Adrian Kempe in Rangers zone.
9:57 of 2nd period - Shot by Adrian Kempe.
9:57 of 2nd period - Stopped by Andrei Vasilevskiy without a rebound.
9:58 of 2nd period - Nick Bonino wins face-off versus Pierre-Luc Dubois in Rangers zone.
10:32 of 2nd period - Shot by Pierre-Luc Dubois.
10:32 of 2nd period - Shot Misses the Net.
10:38 of 2nd period - Shot by Max Domi.
10:38 of 2nd period - Stopped by Andrei Vasilevskiy with a rebound.
10:45 of 2nd period - Icing by Nick Leddy.
10:46 of 2nd period - Nick Bonino wins face-off versus Oskar Lindblom in Rangers zone.
10:46 of 2nd period - Nick Bonino is hit by Oskar Lindblom.
11:14 of 2nd period - Shot by Nathan MacKinnon.
11:14 of 2nd period - Stopped by Andrei Vasilevskiy without a rebound.
11:15 of 2nd period - Zach Hyman wins face-off versus Adrian Kempe in Rangers zone.
11:15 of 2nd period - Zach Hyman is hit by Cedric Paquette.
11:33 of 2nd period - Adrian Kempe is hit by Vincent Trocheck and loses puck.
11:47 of 2nd period - Icing by Filip Hronek.
11:48 of 2nd period - Noel Acciari wins face-off versus Adrian Kempe in Penguins zone.
11:52 of 2nd period - Minor Penalty to Marcus Pettersson for Holding.
11:53 of 2nd period - Pierre-Luc Dubois wins face-off versus Nick Bonino in Penguins zone.
11:53 of 2nd period - Pierre-Luc Dubois is hit by Connor McDavid.
12:11 of 2nd period - Shot by Nick Bonino.
12:11 of 2nd period - Stopped by Connor Hellebuyck without a rebound.
12:12 of 2nd period - Cal Clutterbuck wins face-off versus Pierre-Luc Dubois in Penguins zone.
12:15 of 2nd period - Shot by Milan Lucic.
12:15 of 2nd period - Stopped by Connor Hellebuyck without a rebound.
12:16 of 2nd period - Nick Bonino wins face-off versus Pierre-Luc Dubois in Penguins zone.
12:48 of 2nd period - Shot by Nick Bonino.
12:48 of 2nd period - Shot Misses the Net.
13:44 of 2nd period - Shot by Ryan McDonagh.
13:44 of 2nd period - Stopped by Connor Hellebuyck without a rebound.
13:45 of 2nd period - Pierre-Luc Dubois wins face-off versus Alexander Radulov in Penguins zone.
13:51 of 2nd period - Icing by Nick Bonino.
13:52 of 2nd period - Noel Acciari wins face-off versus Clayton Keller in Rangers zone.
13:52 of 2nd period - Noel Acciari is hit by Oskar Lindblom.
14:06 of 2nd period - Shot by Cam Atkinson.
14:06 of 2nd period - Stopped by Connor Hellebuyck without a rebound.
14:07 of 2nd period - Jonathan Huberdeau wins face-off versus Zach Hyman in Penguins zone.
14:07 of 2nd period - Gabriel Landeskog is hit by Vincent Trocheck.
14:08 of 2nd period - Minor Penalty to Vincent Trocheck for Roughing.
14:09 of 2nd period - Cal Clutterbuck wins face-off versus Adrian Kempe in Rangers zone.
16:47 of 2nd period - Icing by Mark Giordano.
16:48 of 2nd period - Noel Acciari wins face-off versus Clayton Keller in Penguins zone.
16:52 of 2nd period - Icing by Mark Giordano.
16:53 of 2nd period - Noel Acciari wins face-off versus Clayton Keller in Penguins zone.
17:45 of 2nd period - Shot by David Perron.
17:45 of 2nd period - Shot Misses the Net.
18:08 of 2nd period - Icing by David Savard.
18:09 of 2nd period - Gabriel Landeskog wins face-off versus Zach Hyman in Rangers zone.
18:14 of 2nd period - Shot by Alex DeBrincat.
18:14 of 2nd period - Shot Misses the Net.
18:20 of 2nd period - Shot by Alex DeBrincat.
18:20 of 2nd period - Stopped by Andrei Vasilevskiy with a rebound.
18:33 of 2nd period - Shot by Gabriel Landeskog.
18:33 of 2nd period - Shot Blocked by David Savard.
19:38 of 2nd period - Shot by Alexander Radulov.
19:38 of 2nd period - Stopped by Connor Hellebuyck with a rebound.
Goals for this period are 1 for Penguins vs 0 for Rangers.
Shots for this period are 11 for Penguins vs 7 for Rangers.

3rd period


0:01 of 3rd period - Max Domi wins face-off versus Noel Acciari in neutral zone.
0:09 of 3rd period - Max Domi is hit by Matt Niskanen and loses puck.
0:13 of 3rd period - Minor Penalty to Cam Atkinson for Slashing.
0:14 of 3rd period - Adrian Kempe wins face-off versus Cal Clutterbuck in Rangers zone.
0:15 of 3rd period - Shot by Shea Weber.
0:15 of 3rd period - Shot Misses the Net.
0:17 of 3rd period - Shot by Shea Weber.
0:17 of 3rd period - Stopped by Andrei Vasilevskiy without a rebound.
0:18 of 3rd period - Pierre-Luc Dubois wins face-off versus Cal Clutterbuck in Rangers zone.
0:47 of 3rd period - Shot by Shea Weber.
0:47 of 3rd period - Shot Blocked by Matt Niskanen.
0:49 of 3rd period - Shot by Pierre-Luc Dubois.
0:49 of 3rd period - Stopped by Andrei Vasilevskiy without a rebound.
0:50 of 3rd period - Nick Bonino wins face-off versus Adrian Kempe in Rangers zone.
1:03 of 3rd period - Shot by Mark Giordano.
1:03 of 3rd period - Shot Misses the Net.
1:05 of 3rd period - Shot by Brent Seabrook.
1:05 of 3rd period - Stopped by Andrei Vasilevskiy without a rebound.
1:06 of 3rd period - Pierre-Luc Dubois wins face-off versus Nick Bonino in Rangers zone.
1:29 of 3rd period - Shot by David Perron.
1:29 of 3rd period - Deflect By Pierre-Luc Dubois.
1:29 of 3rd period - Stopped by Andrei Vasilevskiy without a rebound.
1:30 of 3rd period - Nick Bonino wins face-off versus Oliver Bjorkstrand in Rangers zone.
1:30 of 3rd period - Nick Bonino is hit by Adrian Kempe.
1:47 of 3rd period - Brent Seabrook is hit by Matt Niskanen and loses puck.
1:50 of 3rd period - Shot by Cedric Paquette.
1:50 of 3rd period - Shot Misses the Net.
2:34 of 3rd period - Shot by Cam Atkinson.
2:34 of 3rd period - Shot Misses the Net.
2:36 of 3rd period - Shot by Noel Acciari.
2:36 of 3rd period - Shot Blocked by Gabriel Landeskog.
3:17 of 3rd period - Max Domi is hit by Vincent Trocheck and loses puck.
4:04 of 3rd period - Shot by Alexander Radulov.
4:04 of 3rd period - Goal by Alexander Radulov - Penguins : 2 - Rangers : 1.
4:05 of 3rd period - Nick Bonino wins face-off versus Clayton Keller in neutral zone.
4:21 of 3rd period - Shot by Nathan MacKinnon.
4:21 of 3rd period - Stopped by Andrei Vasilevskiy without a rebound.
4:22 of 3rd period - Noel Acciari wins face-off versus Adrian Kempe in Rangers zone.
4:29 of 3rd period - Shot by Cam Atkinson.
4:29 of 3rd period - Shot Misses the Net.
5:33 of 3rd period - Shot by Nathan MacKinnon.
5:33 of 3rd period - Deflect By Clayton Keller.
5:33 of 3rd period - Shot Misses the Net.
6:34 of 3rd period - Shot by Pierre-Luc Dubois.
6:34 of 3rd period - Shot Misses the Net.
6:58 of 3rd period - Icing by Mark Giordano.
6:59 of 3rd period - Alex DeBrincat wins face-off versus Noel Acciari in Penguins zone.
7:01 of 3rd period - Minor Penalty to Noel Acciari for Tripping.
7:02 of 3rd period - Adrian Kempe wins face-off versus Cal Clutterbuck in Rangers zone.
7:03 of 3rd period - Shot by Mark Giordano.
7:03 of 3rd period - Stopped by Andrei Vasilevskiy without a rebound.
7:04 of 3rd period - Adrian Kempe wins face-off versus Cal Clutterbuck in Rangers zone.
7:24 of 3rd period - Shot by Adrian Kempe.
7:24 of 3rd period - Shot Misses the Net.
7:26 of 3rd period - Shot by Cedric Paquette.
7:26 of 3rd period - Stopped by Andrei Vasilevskiy without a rebound.
7:27 of 3rd period - Nick Bonino wins face-off versus Pierre-Luc Dubois in Rangers zone.
8:00 of 3rd period - Shot by Shea Weber.
8:00 of 3rd period - Shot Blocked by Matt Niskanen.
8:02 of 3rd period - Shot by Max Domi.
8:02 of 3rd period - Stopped by Andrei Vasilevskiy with a rebound.
8:04 of 3rd period - Shot by Pierre-Luc Dubois.
8:04 of 3rd period - Shot Misses the Net.
10:00 of 3rd period - Shot by Vincent Trocheck.
10:00 of 3rd period - Stopped by Connor Hellebuyck without a rebound.
10:01 of 3rd period - Nick Bonino wins face-off versus Pierre-Luc Dubois in Penguins zone.
10:05 of 3rd period - Milan Lucic is hit by Filip Hronek and loses puck.
10:34 of 3rd period - Shot by Max Domi.
10:34 of 3rd period - Stopped by Andrei Vasilevskiy without a rebound.
10:35 of 3rd period - Zach Hyman wins face-off versus Adrian Kempe in Rangers zone.
10:58 of 3rd period - Shot by Oliver Bjorkstrand.
10:58 of 3rd period - Stopped by Andrei Vasilevskiy without a rebound.
10:59 of 3rd period - Cam Atkinson wins face-off versus Jonathan Huberdeau in Rangers zone.
12:05 of 3rd period - Shot by Vincent Trocheck.
12:05 of 3rd period - Deflect By Zach Hyman.
12:05 of 3rd period - Stopped by Connor Hellebuyck without a rebound.
12:06 of 3rd period - Nick Bonino wins face-off versus Adrian Kempe in Penguins zone.
12:15 of 3rd period - Shot by Nick Bonino.
12:15 of 3rd period - Stopped by Connor Hellebuyck without a rebound.
12:16 of 3rd period - Zach Hyman wins face-off versus Clayton Keller in Penguins zone.
12:33 of 3rd period - Shot by Andrew Ladd.
12:33 of 3rd period - Stopped by Connor Hellebuyck with a rebound.
12:35 of 3rd period - Shot by Matt Niskanen.
12:35 of 3rd period - Shot Misses the Net.
12:41 of 3rd period - Shot by Zach Hyman.
12:41 of 3rd period - Shot Blocked by Brent Seabrook.
12:43 of 3rd period - Shot by Matt Niskanen.
12:43 of 3rd period - Shot Misses the Net.
12:45 of 3rd period - Shot by Andrew Ladd.
12:45 of 3rd period - Deflect By Vincent Trocheck.
12:45 of 3rd period - Shot Blocked by Mark Giordano.
12:47 of 3rd period - Shot by Andrew Ladd.
12:47 of 3rd period - Stopped by Connor Hellebuyck without a rebound.
12:48 of 3rd period - Nick Bonino wins face-off versus Pierre-Luc Dubois in Penguins zone.
12:48 of 3rd period - Nick Bonino is hit by Shea Weber.
12:51 of 3rd period - Connor McDavid is hit by Shea Weber and loses puck.
13:03 of 3rd period - Connor McDavid is hit by Shea Weber and loses puck.
13:10 of 3rd period - Shot by Connor McDavid.
13:10 of 3rd period - Shot Misses the Net.
13:12 of 3rd period - Shot by Nick Bonino.
13:12 of 3rd period - Shot Misses the Net.
13:18 of 3rd period - Shot by Nick Bonino.
13:18 of 3rd period - Stopped by Connor Hellebuyck without a rebound.
13:19 of 3rd period - Adrian Kempe wins face-off versus Zach Hyman in Penguins zone.
14:10 of 3rd period - Mark Giordano is hit by Vincent Trocheck and loses puck.
14:18 of 3rd period - Off-side.
14:19 of 3rd period - Noel Acciari wins face-off versus David Perron in neutral zone.
14:31 of 3rd period - Minor Penalty to Shea Weber for Hooking.
14:32 of 3rd period - Pierre-Luc Dubois wins face-off versus Nick Bonino in Penguins zone.
14:32 of 3rd period - Pierre-Luc Dubois is hit by Nick Bonino.
14:43 of 3rd period - Icing by Ryan McDonagh.
14:44 of 3rd period - Pierre-Luc Dubois wins face-off versus Alexander Radulov in Rangers zone.
14:57 of 3rd period - Shot by Pierre-Luc Dubois.
14:57 of 3rd period - Stopped by Andrei Vasilevskiy with a rebound.
15:17 of 3rd period - Marcus Pettersson is hit by Nick Bonino and loses puck.
15:25 of 3rd period - Icing by Nick Bonino.
15:26 of 3rd period - Pierre-Luc Dubois wins face-off versus Nick Bonino in Rangers zone.
15:55 of 3rd period - Shot by Cal Clutterbuck.
15:55 of 3rd period - Stopped by Connor Hellebuyck without a rebound.
15:56 of 3rd period - Cal Clutterbuck wins face-off versus Pierre-Luc Dubois in Penguins zone.
15:59 of 3rd period - Shot by Andrew Ladd.
15:59 of 3rd period - Stopped by Connor Hellebuyck without a rebound.
16:00 of 3rd period - Pierre-Luc Dubois wins face-off versus Cal Clutterbuck in Penguins zone.
16:24 of 3rd period - Icing by Nick Leddy.
16:25 of 3rd period - Cal Clutterbuck wins face-off versus Pierre-Luc Dubois in Rangers zone.
16:30 of 3rd period - Shot by Nick Leddy.
16:30 of 3rd period - Shot Blocked by Victor Mete.
16:35 of 3rd period - Off-side.
16:36 of 3rd period - Noel Acciari wins face-off versus Adrian Kempe in neutral zone.
17:14 of 3rd period - Shot by Adrian Kempe.
17:14 of 3rd period - Stopped by Andrei Vasilevskiy with a rebound.
17:16 of 3rd period - Shot by Filip Hronek.
17:16 of 3rd period - Shot Blocked by David Savard.
18:12 of 3rd period - Icing by Connor McDavid.
18:13 of 3rd period - Noel Acciari wins face-off versus Clayton Keller in Rangers zone.
18:13 of 3rd period - Noel Acciari is hit by Oskar Lindblom.
18:25 of 3rd period - Shot by Clayton Keller.
18:25 of 3rd period - Shot Misses the Net.
18:27 of 3rd period - Shot by Mark Giordano.
18:27 of 3rd period - Stopped by Andrei Vasilevskiy with a rebound.
19:31 of 3rd period - Rangers, Andrei Vasilevskiy is pulled from the net.
19:40 of 3rd period - Jonathan Huberdeau is hit by Cal Clutterbuck and loses puck.
Goals for this period are 0 for Penguins vs 1 for Rangers.
Shots for this period are 13 for Penguins vs 9 for Rangers.